 Dungeon Crawl Stone Soup version 0.27-a0-457-gba82baf56e (webtiles) character file.

Game seed: 9354780941178360344

70 Chiseanne the Magician (level 4, 24/30 HPs)
             Began as a Demonspawn Wanderer on Feb 28, 2021.
             Quit the game on level 2 of the Dungeon.
             The game lasted 00:04:10 (2469 turns).

Chiseanne the Magician (Demonspawn Wanderer)        Turns: 2469, Time: 00:04:11

Health: 24/30      AC:  4    Str: 12    XL:     4   Next: 4%
Magic:  0/9        EV: 11    Int: 15    God:
Gold:   118        SH:  0    Dex: 12    Spells: 9/10 levels left

rFire    . . .     SeeInvis .   a - +2 dagger (venom)
rCold    . . .     Faith    .   (no shield)
rNeg     . . .     Spirit   .   d - +0 robe
rPois    +         Reflect  .   (helmet restricted)
rElec    .         Harm     .   (no cloak)
rCorr    .         Rampage  .   (no gloves)
Will     .....                  (no boots)
Stlth    +.........             (no amulet)
HPRegen  0.10/turn              h - ring of poison resistance
MPRegen  0.11/turn              (no ring)

@: no status effects
A: antennae 1, iridescent scales 1, foul stench 1
a: no special abilities


You were on level 2 of the Dungeon.
You visited 1 branch of the dungeon, and saw 2 of its levels.

You collected 118 gold pieces.

Inventory:

Hand Weapons
 a - a +2 dagger of venom (weapon)
 g - a +0 dagger of protection
 i - a +0 spear
Missiles
 f - 25 arrows
 j - 17 bolts
Armour
 d - a +0 robe (worn)
Jewellery
 e - a ring of ice
 h - a ring of poison resistance (left hand)
Scrolls
 c - 3 scrolls of teleportation
 m - a scroll of identify {unknown}
Potions
 k - a potion of attraction {unknown}
 l - a potion of magic {unknown}


   Skills:
 - Level 1.0 Throwing
 - Level 1.0 Shields
 * Level 3.9 Spellcasting
 * Level 2.8 Conjurations
 - Level 1.0 Hexes
 - Level 2.6 Translocations


You had 9 spell levels left.
You knew the following spells:

 Your Spells              Type           Power        Failure   Level
a - Magic Dart            Conj           44%          6%          1

Your spell library contained the following spells:

 Spells                   Type           Power        Failure   Level
 Apportation              Tloc           22%          6%          1
 Blink                    Tloc           N/A          9%          2
 Slow                     Hex            5%           19%         2
 Teleport Other           Tloc           11%          19%         3
 Call Imp                 Summ           2%           28%         2
 Conjure Flame            Conj/Fire      7%           30%         3
 Mephitic Cloud           Conj/Pois/Air  5%           36%         3


Dungeon Overview and Level Annotations

Branches:
Dungeon (2/15)

Altars:
Trog
The Shining One


Innate Abilities, Weirdness & Mutations

You have a pair of small antennae on your head.
You are partially covered in iridescent scales. (AC +2)
You may rarely emit foul miasma when damaged in melee.


Message History

The adder closely misses you.
Casting: Magic Dart (safe; 6% risk of failure)
Confirm with . or Enter, or press ? or * to list all spells.
Aiming: Magic Dart (safe; 6% risk of failure)
Press: ? - help, Shift-Dir - straight line, f/p - adder
Aim: an adder (heavily wounded, 0% to evade)
The magic dart hits the adder.
The adder is severely wounded.
The adder barely misses you. The adder bites you.
Casting: Magic Dart (safe; 6% risk of failure)
Confirm with . or Enter, or press ? or * to list all spells.
Aiming: Magic Dart (safe; 6% risk of failure)
Press: ? - help, Shift-Dir - straight line, f/p - adder
Aim: an adder (severely wounded, 0% to evade)
The magic dart hits the adder.
The adder is almost dead.
The adder barely misses you.
Casting: Magic Dart (safe; 6% risk of failure)
Confirm with . or Enter, or press ? or * to list all spells.
You don't have enough magic to cast this spell.
Casting: Magic Dart (safe; 6% risk of failure)
Confirm with . or Enter, or press ? or * to list all spells.
You don't have enough magic to cast this spell.
You barely miss the adder.
The adder is almost dead.
The adder closely misses you.
Your magical contamination has completely faded away.
You closely miss the adder.
The adder is almost dead.
The adder bites you.
You emit a cloud of foul miasma!
The adder is engulfed in dark miasma.
The adder is poisoned.
The adder closely misses you.
You hit the adder.
You kill the adder!
You have reached level 4!
You feel agile.
Your demonic ancestry asserts itself...
A pair of antennae grows on your head!
Are you sure you want to abandon this character and quit the game? (Confirm with "yes".)
Okay, then.
Are you sure you want to abandon this character and quit the game? (Confirm with "yes".)

♣...♣ .......###
.♣.♣♣##.........
.♣♣♣..........## #####
................##...##
....##..........#(....#
....####......[.#.)...# #
.....†).....## #.....#.#
......#....##.###'...##.#
.....##....#..['@###'#.#
....####...##.###○##..#
....# ##...#####([##.#
...## #......#?)!.#.#
..## ##.....#)(..#)# ###
####..##$.##.#
#...####..# #........##
##......##


There were no monsters in sight!

Vanquished Creatures
  2 adders (D:2)
  A dart slug (D:1)
  A leopard gecko (D:2)
  7 bats
  4 hobgoblins
  6 jackals
  7 kobolds
  2 quokkas (D:2)
  7 frilled lizards
  4 goblins
  5 rats
46 creatures vanquished.

Notes
Turn   | Place    | Note
-------+----------+-------------------------------------------
     0 | D:1      | Chiseanne the Demonspawn Wanderer began the quest for the
                  | Orb.
     0 | D:1      | Chiseanne set off with the following items: a +0 club, a
                  | scroll of teleportation, a +0 robe; and the following
                  | spells available to memorise: Apportation, Blink, Magic
                  | Dart, Slow, Teleport Other, Call Imp, Conjure Flame,
                  | Mephitic Cloud
     0 | D:1      | Reached XP level 1. HP: 13/13 MP: 4/4
     5 | D:1      | Learned a level 1 spell: Magic Dart
   380 | D:1      | Gained mutation: You may rarely emit foul miasma when
                  | damaged in melee. [demonic ancestry]
   380 | D:1      | Reached XP level 2. HP: 19/19 MP: 0/6
  1731 | D:2      | Gained mutation: You are partially covered in iridescent
                  | scales. (AC +2) [demonic ancestry]
  1731 | D:2      | Reached XP level 3. HP: 15/24 MP: 0/8
  1984 | D:2      | Found a bloodstained altar of Trog.
  2095 | D:2      | Found a glowing golden altar of the Shining One.
  2469 | D:2      | Gained mutation: You have a pair of small antennae on your
                  | head. [demonic ancestry]
  2469 | D:2      | Reached XP level 4. HP: 24/30 MP: 0/9
  2469 | D:2      | Quit the game

Illustrated notes

Levels and vault maps discovered:
D:1:      erik_arrival_orb_chamber, layout_basic, chequers_serial_rivers_marsh
D:2:      layout_rooms, lightli_temple_of_fire, marbit_many_paths,
          serial_forest, infiniplex_forest_clump_curved,
          infiniplex_forest_clump_tiny, infiniplex_forest_clump_double,
          infiniplex_forest_lined_ring, infiniplex_forest_diagonal,
          infiniplex_forest_lined_room_3, infiniplex_forest_clump_long,
          minmay_joined_circles

Skill      XL: |  1  2 |
---------------+-------+-----
Conjurations   | 2 |  2.8
Throwing       | |  1.0
Shields        | |  1.0
Spellcasting   | |  3.9
Hexes          | |  1.0
Translocations | |  2.6

Action                   |  1- 3 |  4- 6 || total
-------------------------+-------+-------++-------
Melee: Club              |     4 |       ||     4
       Dagger            |    31 |       ||    31
       Spear             |     3 |       ||     3
 Cast: Magic Dart        |    93 |       ||    93
  Use: Scroll            |     3 |       ||     3
Armor: Robe              |    22 |       ||    22
Dodge: Dodged            |    46 |       ||    46

Table legend: (Time is in decaauts)
 A = Elapsed time spent in this place.
 B = Non-inter-level travel time spent in this place.
 C = Inter-level travel time spent in this place.
 D = Time resting spent in this place.
 E = Time spent auto-exploring this place.
 F = Levels seen in this place.
 G = Mean time per level.
                   A        B        C        D        E       F      G
               +--------+--------+--------+--------+--------+-----+--------+
         Total |   2470 |   2453 |     17 |   1032 |   1131 |   2 | 1235.0 |
       Dungeon |   2470 |   2453 |     17 |   1032 |   1131 |   2 | 1235.0 |
               +--------+--------+--------+--------+--------+-----+--------+

Top non-repeatable levels by time:
     D:1: 1433 daAuts
     D:2: 1037 daAuts
